 Dungeon Crawl Stone Soup version 0.29.1-15-g9cfb28693d (webtiles) character file.

Game seed: 13639512673225492847

77 leafyfresh the Covert (level 4, -4/41 HPs)
             Began as a Gnoll Delver on Mar 5, 2023.
             Slain by a river rat (7 damage)
             ... in a sewer.
             The game lasted 00:00:55 (462 turns).

leafyfresh the Covert (Gnoll Delver)                 Turns: 462, Time: 00:00:55

Health: -4/41      AC:  3    Str: 12    XL:     4   Next: 34%
Magic:  5/5        EV: 10    Int:  9    God:
Gold:   13         SH:  0    Dex: 15    Spells: 5/5 levels left

rFire   . . .      SeeInvis .   a - +0 short sword
rCold   . . .      Faith    .   (no shield)
rNeg    . . .      Spirit   .   b - +0 leather armour
rPois   .          Reflect  .   (no helmet)
rElec   .          Harm     .   (no cloak)
rCorr   .          Rampage  .   (no gloves)
Will    .....                   (no boots)
Stlth   ++++......              (no amulet)
HPRegen 0.13/turn               (no ring)
MPRegen 0.09/turn               (no ring)

@: constricted
A: fangs 1, strong nose, distributed training
a: no special abilities


You were in a sewer.
You visited 1 branch of the dungeon, and saw 1 of its levels.
You also visited: Sewer.

You collected 13 gold pieces.

Inventory:

Hand Weapons
 a - a +0 short sword (weapon)
 i - a +0 sling
Armour
 b - a +0 leather armour (worn)
Wands
 g - a wand of digging (3)
Scrolls
 c - a scroll of fog
 d - a scroll of magic mapping
 e - a scroll of fear
Potions
 f - 2 potions of haste
 h - 2 potions of invisibility {unknown}


   Skills:
 + Level 6.6 Fighting
 + Level 4.6 Short Blades
 + Level 1.1 Long Blades
 + Level 1.1 Axes
 + Level 1.1 Maces & Flails
 + Level 1.1 Polearms
 + Level 1.1 Staves
 + Level 1.1 Ranged Weapons
 + Level 1.1 Throwing
 + Level 1.1 Armour
 + Level 4.6 Dodging
 + Level 9.6 Stealth
 + Level 1.1 Shields
 + Level 1.1 Unarmed Combat
 + Level 1.1 Spellcasting
 + Level 0.9 Conjurations
 + Level 0.9 Hexes
 + Level 0.9 Summonings
 + Level 0.9 Necromancy
 + Level 0.9 Translocations
 + Level 0.9 Transmutations
 + Level 0.9 Fire Magic
 + Level 0.9 Ice Magic
 + Level 0.9 Air Magic
 + Level 0.9 Earth Magic
 + Level 0.9 Poison Magic
 + Level 1.2 Invocations
 + Level 1.1 Evocations


You had 5 spell levels left.
You didn't know any spells.
Your spell library contained the following spells:

 Spells                   Type           Power      Damage    Failure   Level
 Gell's Gravitas          Tloc           2%         N/A       67%         3
 Lesser Beckoning         Tloc           2%         N/A       67%         3
 Teleport Other           Tloc           2%         N/A       67%         3


Dungeon Overview and Level Annotations

Branches:
Dungeon (5/15)              Sewer (1/1)
 Temple: D:4-7

Altars:


Innate Abilities, Weirdness & Mutations

You have very sharp teeth.
Your uncanny sense of smell can sniff out nearby items.
Your experience applies equally to all skills.


Message History

The ball python bites you but does no damage.
The ball python constricts you. The adder bites you.
The jackal barely misses you.
You hit the adder.
The adder is almost dead.
The adder closely misses you. The river rat bites you.
* * * LOW HITPOINT WARNING * * *
The ball python barely misses you. The ball python constricts you.
* * * LOW HITPOINT WARNING * * *
The jackal bites you.
* * * LOW HITPOINT WARNING * * *
You barely miss the adder.
The adder is almost dead.
The adder bites you but does no damage. The jackal closely misses you.
The ball python barely misses you. The ball python constricts you.
The river rat barely misses you.
You barely miss the adder.
The adder is almost dead.
The adder bites you but does no damage. The jackal bites you.
* * * LOW HITPOINT WARNING * * *
The ball python bites you.
* * * LOW HITPOINT WARNING * * *
The ball python constricts you. The river rat closely misses you.
You hit the adder.
You kill the adder!
The jackal bites you but does no damage.
The ball python barely misses you. The ball python constricts you.
* * * LOW HITPOINT WARNING * * *
The river rat bites you.
* * * LOW HITPOINT WARNING * * *
The kobold shouts!
You hit the river rat but do no damage.
The river rat is severely wounded.
The jackal barely misses you. The ball python bites you.
* * * LOW HITPOINT WARNING * * *
The ball python constricts you.
You hit the river rat. Your bite misses the river rat.
The river rat is severely wounded.
The jackal completely misses you. The river rat bites you!
You die...

#~#..~~
#~#....
~K~~~. ~~~~##
~~~.## .~..#
#######..P#
~~~~~~~h†S#
#######r@.#
###.........#
#..P..∩∩...##
PP#~#....≈≈#
#.≈≈≈≈≈#
#≈≈≈≈≈##
#≈≈≈≈##
∆#≈≈### ###


You could see a river rat, a jackal, a ball python and a kobold.

Vanquished Creatures
  A hound (D:5)
  An iguana (D:5)
  2 adders
  2 giant cockroaches (D:5)
  2 quokkas (D:5)
8 creatures vanquished.

Vanquished Creatures (others)
  4 plants (Sewer)
4 creatures vanquished.

Grand Total: 12 creatures vanquished

Notes
Turn   | Place    | Note
-------+----------+-------------------------------------------
     0 | D:5      | Reached skill level 9 in Stealth
     0 | D:5      | leafyfresh the Gnoll Delver began the quest for the Orb.
     0 | D:5      | Reached XP level 1. HP: 23/23 MP: 1/1
     8 | D:5      | Noticed a hound
    13 | D:5      | Killed a hound
    14 | D:5      | Reached XP level 2. HP: 29/29 MP: 1/3
    14 | D:5      | Reached XP level 3. HP: 35/35 MP: 1/4
    83 | D:5      | Reached skill level 1 in Long Blades
    83 | D:5      | Reached skill level 1 in Axes
    83 | D:5      | Reached skill level 1 in Maces & Flails
    83 | D:5      | Reached skill level 1 in Polearms
    83 | D:5      | Reached skill level 1 in Staves
    83 | D:5      | Reached skill level 1 in Ranged Weapons
    83 | D:5      | Reached skill level 1 in Throwing
    83 | D:5      | Reached skill level 1 in Armour
    83 | D:5      | Reached skill level 1 in Shields
    83 | D:5      | Reached skill level 1 in Unarmed Combat
    83 | D:5      | Reached skill level 1 in Spellcasting
    83 | D:5      | Reached skill level 1 in Invocations
    83 | D:5      | Reached skill level 1 in Evocations
   130 | D:5      | Reached XP level 4. HP: 30/41 MP: 5/5
   224 | D:5      | Found a glowing drain.
   354 | Sewer    | Entered a sewer
   462 | Sewer    | Slain by a river rat

Illustrated notes

Levels and vault maps discovered:
D:5:      kennysheep_windowed_halls, layout_basic, tso_altar,
          grunt_temple_overflow_open, gammafunk_ghost_grave,
          portal_sewer_entry_f, serial_park_tiny_2
Sewer:    sewer_co_scattered_pipes

Skill      XL: |  1  2  3 |
---------------+----------+-----
Stealth        | |  9.6
Long Blades    | 1 |  1.1
Axes           | 1 |  1.1
Maces & Flails | 1 |  1.1
Polearms       | 1 |  1.1
Staves         | 1 |  1.1
Ranged Weapons | 1 |  1.1
Throwing       | 1 |  1.1
Armour         | 1 |  1.1
Shields        | 1 |  1.1
Unarmed Combat | 1 |  1.1
Spellcasting   | 1 |  1.1
Invocations    | 1 |  1.2
Evocations     | 1 |  1.1
Fighting       | |  6.6
Short Blades   | |  4.6
Dodging        | |  4.6
Conjurations   | |  0.9
Hexes          | |  0.9
Summonings     | |  0.9
Necromancy     | |  0.9
Translocations | |  0.9
Transmutations | |  0.9
Fire Magic     | |  0.9
Ice Magic      | |  0.9
Air Magic      | |  0.9
Earth Magic    | |  0.9
Poison Magic   | |  0.9

Action                   |  1- 3 |  4- 6 || total
-------------------------+-------+-------++-------
Melee: Short sword       |     8 |    65 ||    73
       Bite              |     1 |     4 ||     5
       Punch             |       |     2 ||     2
 Fire: Sling             |       |     3 ||     3
 Stab: Sleeping          |     2 |       ||     2
Armor: Leather armour    |       |    20 ||    20
Dodge: Dodged            |     5 |    65 ||    70
